Workbook
Name AnticipoM1: POA!$D$2
Name AnticipoM2: POA!$D$12
Name AnticipoM3: POA!$D$13
Name AnticipoM4: POA!$D$14
Name CapFinanciera1: Puntajes!$C$12
Name CapFinanciera2: Puntajes!$C$13
Name CapFinanciera3: Puntajes!$C$14
Name CapFinanciera4: Puntajes!$C$15
Name CapTecnica1: Puntajes!$G$4
Name CapTecnica2: Puntajes!$G$5
Name Experiencia1: Puntajes!$C$4
Name Experiencia2: Puntajes!$C$5
Name Experiencia3: Puntajes!$C$6
Name PlazoM1: POA!$C$2
Name PlazoM2: POA!$C$12
Name PlazoM3: POA!$C$13
Name PlazoM4: POA!$C$14
Name prueba: #REF!
Name SALACTUAL: POA!$F$2

Sheet POA
A1: Modulo | B1: PO | C1: N | D1: Anticipo | F1: SMMLV 2023
A2: 1 | B2: 116000000 | C2: 5 | D2: 0 | F2: 1160000

Sheet Puntajes
B2: EXPERIENCIA | F2: CAPACIDAD TÉCNICA
B3: Mayor a | C3: Menor o Igual a | D3: Puntaje | F3: Desde | G3: Hasta | H3: Puntaje
B4: 0 | C4: 3 | D4: 60 | F4: 1 | G4: 5 | H4: 20
B5: 3 | C5: 6 | D5: 80 | F5: 6 | G5: 10 | H5: 30
B6: 6 | C6: 10 | D6: 100 | F6: 11 | G6: Mayores | H6: 40
B7: 10 | C7: Mayores | D7: 120
B10: CAPACIDAD FINANCIERA
B11: Mayor a | C11: Menor o Igual a | D11: Puntaje
B12: 0 | C12: 0.5 | D12: 20
B13: 0.5 | C13: 0.75 | D13: 25
B14: 0.75 | C14: 1 | D14: 30
B15: 1 | C15: 1.5 | D15: 35
B16: 1.5 | C16: Mayores | D16: 40

Sheet Capacidad Financiera
B2: INSTITUTO NACIONAL DE VIAS
B3: DIRECCIÓN TERRITORIAL SANTANDER
B4: CONTRATACION PÚBLICA No. IP-DT-SAN-006-2023
B5: EVALUACIÓN FINANCIERA
B7: DATOS DEL INTERESADO | E7: INFORMACIÓN FINANCIERA - RUP | S7: INDICE-CAPITAL DE TRABAJO DEMANDADO | U7: INDICE-PATRIMONIO | W7: INDICE-LIQUIDEZ | Y7: INDICE-ENDEUDAMIENTO | AB7: RAZON DE COBERTURA DE INTERESES | AD7: EVALUACIÓN CAPACIDAD FINANCIERA | AE7: CALIDAD DE MIPYME
B8: OFERTA | C8: PROPONENTE | D8: PORCENTAJE DE PARTICIPACION | E8: ACTIVO CORRIENTE | F8: ACTIVO TOTAL | G8: PASIVO CORRIENTE | H8: PASIVO TOTAL | I8: CAPITAL DE TRABAJO (Activo Corriente - Pasivo Corriente) | J8: PATRIMONIO (Activo Total - Pasivo Total) | K8: PATRIMONIO ROE (Activo Total - Pasivo Total) | N8: MÓDULO | O8: PLAZO (P) | P8: MODULOS ADJUDICADOS | Q8: VALOR CAPITAL DE TRABAJO DEMANDADO MODULOS ADJUDICADOS | R8: VALOR PRESUPUESTO OFICIAL ANUAL(PO) | S8: Fórmula: CT=AC-PC>=10(PO/ni) | U8: Fórmula: P=AT-PT >= (10%*PO) | W8: Fórmula: Liquidez=AC/PC>=1,00 | Y8: Fórmula: Endeudamiento = Pas.T/Act.Tot. <= 0,70 | AA8: VALOR PATRIMONIO REQUERIDO MODULOS ADJUDICADOS | AB8: Fórmula: Razón Cobertura Intereses = UO/GI >= 1,00 | AD8: HABIL/NO HABIL | AE8: SMMLV 2011 | AF8: 535600
L9: UTILIDAD OPERACIONAL | M9: GASTOS DE INTERESES | S9: Req. Min. CTd: > = | T9: 10%*PO | U9: Req. Min. Patrimonio: > = | V9: ="10%*PO" -> 10%*PO | W9: Req. Min. Solvencia: > = | X9: 1 | Y9: Req. Min. Endeudamiento: < = | Z9: 0.7 | AB9: Req. Min. Cobertura Intereses: > = | AC9: 1 | AE9: SMMLV 2012 | AF9: 566700
S10: INDICADOR | T10: RESULTADO | U10: INDICADOR | V10: RESULTADO | W10: INDICADOR | X10: RESULTADO | Y10: INDICADOR | Z10: RESULTADO | AB10: INDICADOR | AC10: RESULTADO | AE10: CALIDAD DE MIPYME EN SMMLV | AF10: 30000
B12: 1 | C12: CARLOS DEL RIO DIAZ | D12: 1 | E12: 210888000 | F12: 213388000 | G12: 0 | H12: 0 | I12: =+E12-G12 -> 210888000 | J12: =+F12-H12 -> 213388000 | K12: =+F12-H12 -> 213388000 | L12: 33251000 | M12: 0 | N12: 1 | O12: 5 | Q12: =+SUM(#REF!) -> #REF! | R12: =IF(ISERROR(VLOOKUP(N12,POA!$A$2:$C$25,2,0)),"",VLOOKUP(N12,POA!$A$2:$C$25,2,0)) -> 116000000 | S12: =SUM(I12) -> 210888000 | T12: =IF(OR(S12=0,N12="",R12=""),"",IF(S12>=(R12/O12),"HABIL","NO HABIL")) -> HABIL | U12: =SUM(J12) -> 213388000 | V12: =IF(OR(U12=0,N12="",R12=""),"",IF(U12>=(10%*R12),"HABIL","NO HABIL")) -> HABIL | W12: =IF(ISERROR(SUM(E12/G12)),0,SUM(E12/G12)) -> 0 | X12: HABIL | Y12: =IF(ISERROR(SUM(H12/F12)),0,SUM(H12/F12)) -> 0 | Z12: HABIL | AA12: =+SUM(#REF!) -> #REF! | AB12: =IF(ISERROR(SUM(L12/M12)),0,SUM(L12/M12)) -> 0 | AC12: HABIL | AD12: HABIL
B13: 2

Sheet Puntaje Exp
C2: INSTITUTO NACIONAL DE VIAS
C3: DIRECCIÓN DE CONTRATACIÓN
C4: ='Capacidad Financiera'!B4 -> CONTRATACION PÚBLICA No. IP-DT-SAN-006-2023
C5: PUNTAJE POR EXPERIENCIA
C7: OFERTA | D7: PROPONENTE | E7: Porcentaje de Participación para este Proceso (A) | F7: VALOR TOTAL DE LOS CONTRATOS EJECUTADOS | G7: VALOR TOTAL DE LOS CONTRATOS EJECUTADOS EN SMMLV (B) | H7: PRESUPUESTO OFICIAL ESTIMADO (POE) EN SMMLV (C) | I7: PUNTAJE POR EXPERIENCIA
I8: RESULTADO B / (C * A) | J8: Rangos: Mayor a 0 y Menor o Igual a 3 = 60 Puntos Mayor a 3 y Menor o Igual a 6 = 80 Puntos Mayor a 6 y Menor o Igual a 10 = 100 Puntos Mayor a 10 y Mayores = 120 Puntos
A9: Módulo | C9: =+'Capacidad Financiera'!B12 -> 1 | D9: =IF(ISERROR(VLOOKUP(C9,'Capacidad Financiera'!$B$12:$AD$62673,2,0)),"",VLOOKUP(C9,'Capacidad Financiera'!$B$12:$AD$3533,2,0)) -> CARLOS DEL RIO DIAZ | E9: 1 | F9: =1160000*G9 -> 2859191200 | G9: 2464.82 | H9: 100 | I9: =IF(OR(D9="",E9="",G9=""),"",IF(C9<>"",G9/(H9*E9),"")) -> 24.6482 | J9: 120
A10: 1
D11: =IF(ISERROR(VLOOKUP(C11,'Capacidad Financiera'!$B$12:$AD$62673,2,0)),"",VLOOKUP(C11,'Capacidad Financiera'!$B$12:$AD$3533,2,0)) | E11: =IF(ISERROR(VLOOKUP(C11,'Capacidad Financiera'!$B$12:$AD$62673,3,0)),"",VLOOKUP(C11,'Capacidad Financiera'!$B$12:$AD$62673,3,0)) | G11: =IF(OR(D11="",E11="",F11=""),"",F11/SALACTUAL) | H11: =IF(OR(D11="",E11="",F11=""),"",IF(C11<>"",IF(ISERROR(VLOOKUP($A$10,POA!$A$2:$D$25,2,0)),"",VLOOKUP($A$10,POA!$A$2:$D$25,2,0)/SALACTUAL),"")) | I11: =IF(OR(D11="",E11="",G11=""),"",IF(C11<>"",G11/(H11*E11),"")) | J11: =IF(OR(D11="",E11="",F11=""),"",IF(AND(I11>0,I11<=Experiencia1),Puntajes!$D$4,IF(AND(I11>Experiencia1,I11<=Experiencia2),Puntajes!$D$5,IF(AND(I11>Experiencia2,I11<=Experiencia3),Puntajes!$D$6,IF(I11>Experiencia3,Puntajes!$D$7,0)))))
D12: =IF(ISERROR(VLOOKUP(C12,'Capacidad Financiera'!$B$12:$AD$62673,2,0)),"",VLOOKUP(C12,'Capacidad Financiera'!$B$12:$AD$3533,2,0)) | E12: =IF(ISERROR(VLOOKUP(C12,'Capacidad Financiera'!$B$12:$AD$62673,3,0)),"",VLOOKUP(C12,'Capacidad Financiera'!$B$12:$AD$62673,3,0)) | G12: =IF(OR(D12="",E12="",F12=""),"",F12/SALACTUAL) | H12: =IF(OR(D12="",E12="",F12=""),"",IF(C12<>"",IF(ISERROR(VLOOKUP($A$10,POA!$A$2:$D$25,2,0)),"",VLOOKUP($A$10,POA!$A$2:$D$25,2,0)/SALACTUAL),"")) | I12: =IF(OR(D12="",E12="",G12=""),"",IF(C12<>"",G12/(H12*E12),"")) | J12: =IF(OR(D12="",E12="",F12=""),"",IF(AND(I12>0,I12<=Experiencia1),Puntajes!$D$4,IF(AND(I12>Experiencia1,I12<=Experiencia2),Puntajes!$D$5,IF(AND(I12>Experiencia2,I12<=Experiencia3),Puntajes!$D$6,IF(I12>Experiencia3,Puntajes!$D$7,0)))))
D13: =IF(ISERROR(VLOOKUP(C13,'Capacidad Financiera'!$B$12:$AD$62673,2,0)),"",VLOOKUP(C13,'Capacidad Financiera'!$B$12:$AD$3533,2,0)) | E13: =IF(ISERROR(VLOOKUP(C13,'Capacidad Financiera'!$B$12:$AD$62673,3,0)),"",VLOOKUP(C13,'Capacidad Financiera'!$B$12:$AD$62673,3,0)) | G13: =IF(OR(D13="",E13="",F13=""),"",F13/SALACTUAL) | H13: =IF(OR(D13="",E13="",F13=""),"",IF(C13<>"",IF(ISERROR(VLOOKUP($A$10,POA!$A$2:$D$25,2,0)),"",VLOOKUP($A$10,POA!$A$2:$D$25,2,0)/SALACTUAL),"")) | I13: =IF(OR(D13="",E13="",G13=""),"",IF(C13<>"",G13/(H13*E13),"")) | J13: =IF(OR(D13="",E13="",F13=""),"",IF(AND(I13>0,I13<=Experiencia1),Puntajes!$D$4,IF(AND(I13>Experiencia1,I13<=Experiencia2),Puntajes!$D$5,IF(AND(I13>Experiencia2,I13<=Experiencia3),Puntajes!$D$6,IF(I13>Experiencia3,Puntajes!$D$7,0)))))

Sheet Puntaje CT
C2: INSTITUTO NACIONAL DE VIAS
C3: DIRECCIÓN DE CONTRATACIÓN
C4: ='Capacidad Financiera'!B4 -> CONTRATACION PÚBLICA No. IP-DT-SAN-006-2023
C5: PUNTAJE POR CAPACIDAD TÉCNICA
C7: OFERTA | D7: PROPONENTE | E7: PROFESIONALES VINCULADOS | F7: PUNTAJE POR CAPACIDAD TÉCNICA
E8: Numeros de Socios y Profesionales de la Arquitectura , Ingenierìa y Geologìa vinculados mediante relaciòn laboral o contractual en actividades relacionadas directamente a la construcciòn | F8: Rangos: Desde 1 hasta 5 = 20 Puntos Desde 6 hasta 10 = 30 Puntos Desde 11 hasta mayores = 40 Puntos
C9: =+'Capacidad Financiera'!B12 -> 1 | D9: =IF(ISERROR(VLOOKUP(C9,'Capacidad Financiera'!$B$12:$AD$62673,2,0)),"",VLOOKUP(C9,'Capacidad Financiera'!$B$12:$AD$3533,2,0)) -> CARLOS DEL RIO DIAZ | E9: 3 | F9: 20
D11: =IF(ISERROR(VLOOKUP(C11,'Capacidad Financiera'!$B$12:$AD$62673,2,0)),"",VLOOKUP(C11,'Capacidad Financiera'!$B$12:$AD$3533,2,0)) | F11: =IF(OR(D11="",E11=""),"",IF(AND(E11>0,E11<=CapTecnica1),Puntajes!$H$4,IF(AND(E11>CapTecnica1,E11<=CapTecnica2),Puntajes!$H$5,IF(E11>CapTecnica2,Puntajes!$H$6,0))))
D12: =IF(ISERROR(VLOOKUP(C12,'Capacidad Financiera'!$B$12:$AD$62673,2,0)),"",VLOOKUP(C12,'Capacidad Financiera'!$B$12:$AD$3533,2,0)) | F12: =IF(OR(D12="",E12=""),"",IF(AND(E12>0,E12<=CapTecnica1),Puntajes!$H$4,IF(AND(E12>CapTecnica1,E12<=CapTecnica2),Puntajes!$H$5,IF(E12>CapTecnica2,Puntajes!$H$6,0))))
D13: =IF(ISERROR(VLOOKUP(C13,'Capacidad Financiera'!$B$12:$AD$62673,2,0)),"",VLOOKUP(C13,'Capacidad Financiera'!$B$12:$AD$3533,2,0)) | F13: =IF(OR(D13="",E13=""),"",IF(AND(E13>0,E13<=CapTecnica1),Puntajes!$H$4,IF(AND(E13>CapTecnica1,E13<=CapTecnica2),Puntajes!$H$5,IF(E13>CapTecnica2,Puntajes!$H$6,0))))

Sheet Puntaje CF
C2: INSTITUTO NACIONAL DE VIAS
C3: DIRECCIÓN DE CONTRATACIÓN
C4: ='Capacidad Financiera'!B4 -> CONTRATACION PÚBLICA No. IP-DT-SAN-006-2023
C5: PUNTAJE POR CAPACIDAD FINANCIERA
C7: OFERTA | D7: PROPONENTE | E7: ACTIVOS CORRIENTES (A) | F7: PASIVOS CORRIENTES (B) | G7: ÍNDICE DE LIQUIDEZ (A) / (B) = (C) | H7: PUNTAJE POR CAPACIDAD FINANCIERA
H8: Rangos: Mayor a 0 y Menor o Igual a 0,5 = 20 Puntos Mayor a 0,5 y Menor o Igual a 0,75 = 25 Puntos Mayor a 0,75 y Menor o Igual a 1,00 = 30 Puntos Mayor a 1,00 y Menor o Igual a 1,5 = 35 Puntos Mayor a 1,5 y Mayores = 40 Puntos
C9: =+'Capacidad Financiera'!B12 -> 1 | D9: =IF(ISERROR(VLOOKUP(C9,'Capacidad Financiera'!$B$12:$AD$62673,2,0)),"",VLOOKUP(C9,'Capacidad Financiera'!$B$12:$AD$3533,2,0)) -> CARLOS DEL RIO DIAZ | E9: =+'Capacidad Financiera'!E12 -> 210888000 | F9: =IF(OR(C9="",D9=""),"",IF(ISERROR(VLOOKUP(D9,'Capacidad Financiera'!$C$12:$AD$62673,5,0)),"",VLOOKUP(D9,'Capacidad Financiera'!$C$12:$AD$62673,5,0))) -> 0 | G9: 1.6 | H9: =IF(OR(D9="",E9="",F9=""),"",IF(AND(G9>0,G9<=CapFinanciera1),Puntajes!$D$12,IF(AND(G9>CapFinanciera1,G9<=CapFinanciera2),Puntajes!$D$13,IF(AND(G9>CapFinanciera2,G9<=CapFinanciera3),Puntajes!$D$14,IF(AND(G9>CapFinanciera3,G9<=CapFinanciera4),Puntajes!$D$15,IF(G9>CapFinanciera4,Puntajes!$D$16,0)))))) -> 40

Sheet Saldo CtosEjecución
C2: INSTITUTO NACIONAL DE VIAS
C3: DIRECCIÓN DE CONTRATACIÓN
C4: ='Capacidad Financiera'!B4 -> CONTRATACION PÚBLICA No. IP-DT-SAN-006-2023
C5: SALDO CONTRATOS EN EJECUCIÓN
C7: OFERTA | D7: PROPONENTE | E7: TOTAL SALDOS CONTRATOS EN EJECUCION
C9: =+'Capacidad Financiera'!B12 -> 1 | D9: =IF(ISERROR(VLOOKUP(C9,'Capacidad Financiera'!$B$12:$AD$62673,2,0)),"",VLOOKUP(C9,'Capacidad Financiera'!$B$12:$AD$3533,2,0)) -> CARLOS DEL RIO DIAZ | E9: 10506.13

Sheet Cap Organización
C2: INSTITUTO NACIONAL DE VIAS
C3: DIRECCIÓN DE CONTRATACIÓN
C4: ='Capacidad Financiera'!B4 -> CONTRATACION PÚBLICA No. IP-DT-SAN-006-2023
C5: CAPACIDAD DE ORGANIZACIÓN
C7: OFERTA | D7: PROPONENTE | E7: CAPACIDAD DE ORGANIZACIÓN (En Pesos)
E8: Fórmula: Cinco (5) años o más: Mayor Ingreso Operacional de los ultimos 5 años Entre uno (1) y cinco (5) años: Mayor Ingreso Operacional de los años de vida del Oferente Menos de un (1) año: USD $ 125.000 | F8: OBSERVACIONES
C9: =+'Capacidad Financiera'!B12 -> 1 | D9: =IF(ISERROR(VLOOKUP(C9,'Capacidad Financiera'!$B$12:$AD$62673,2,0)),"",VLOOKUP(C9,'Capacidad Financiera'!$B$12:$AD$3533,2,0)) -> CARLOS DEL RIO DIAZ | E9: 457297264

Sheet Capacidad Residual
C2: INSTITUTO NACIONAL DE VIAS
C3: DIRECCIÓN DE CONTRATACIÓN
C4: ='Capacidad Financiera'!B4 -> CONTRATACION PÚBLICA No. IP-DT-SAN-006-2023
C5: CAPACIDAD RESIDUAL
C7: OFERTA | D7: PROPONENTE | E7: Porcentaje de Participación para este Proceso | F7: MÓDULO | G7: PRESUPUESTO OFICIAL ESTIMADO (POE) | H7: Anticipo | I7: PLAZO | J7: CAPACIDAD RESIDUAL DEL PROCESO DE CONTRATACION | K7: CAPACIDAD DE ORGANIZACIÓN | L7: EXPERIENCIA | M7: MODULOS ADJUDICADOS | N7: VALOR CAPITAL DE TRABAJO DEMANDADO MODULOS ADJUDICADOS | O7: CAPACIDAD TÉCNICA | P7: CAPACIDAD FINANCIERA | Q7: SALDOS CONTRATOS EN EJECUCIÓN | R7: CAPACIDAD RESIDUAL DEL PROPONENTE | S7: CAPACIDAD RESIDUAL DE CONTRATACIÓN
E8: (%) | G8: En Pesos Colombianos | H8: En Pesos Colombianos | J8: Formula: Si el plazo es menor a 12 meses (POE - Anticipo), si el plazo es mayor a 12 meses [(POE- Anticipo)/Plazo]x12 | K8: En Pesos | L8: Puntaje | O8: Puntaje | P8: Puntaje | Q8: En Pesos | R8: Formula: CO * [(E+CT+CF)/100] - SCE | S8: HABIL / NO HABIL
C10: =+'Capacidad Financiera'!B12 -> 1 | D10: =IF(ISERROR(VLOOKUP(C10,'Capacidad Financiera'!$B$12:$AD$62673,2,0)),"",VLOOKUP(C10,'Capacidad Financiera'!$B$12:$AD$3533,2,0)) -> CARLOS DEL RIO DIAZ | E10: =IF(ISERROR(VLOOKUP(C10,'Capacidad Financiera'!$B$12:$AD$62673,3,0)),"",VLOOKUP(C10,'Capacidad Financiera'!$B$12:$AD$62673,3,0)) -> 1 | F10: ='Capacidad Financiera'!N12 -> 1 | G10: =IF(ISERROR(VLOOKUP(F10,POA!$A$2:$D$25,2,0)),"",VLOOKUP(F10,POA!$A$2:$D$25,2,0)) -> 116000000 | H10: =IF(ISERROR(VLOOKUP(F10,POA!$A$2:$D$25,3,0)),"",VLOOKUP(F10,POA!$A$2:$D$25,4,0)) -> 0 | I10: 5 | J10: =IF(I10="","",IF(I10<12,(G10-H10),IF(I10>=12,(((G10-H10)/I10)*12),""))) -> 116000000 | K10: =IF(IF(ISERROR(VLOOKUP(C10,'Cap Organización'!$C$9:$I$1048576,3,0)),"",VLOOKUP(C10,'Cap Organización'!$C$9:$I$1048576,3,0))=0,"",IF(ISERROR(VLOOKUP(C10,'Cap Organización'!$C$9:$I$1048576,3,0)),"",VLOOKUP(C10,'Cap Organización'!$C$9:$I$1048576,3,0))) -> 457297264 | L10: =IF(ISERROR(VLOOKUP(C10,'Puntaje Exp'!$C$9:$J$1048576,8,0)),"",VLOOKUP(C10,'Puntaje Exp'!$C$9:$J$1048576,8,0)) -> 120 | N10: =+SUM(#REF!) -> #REF! | O10: =IF(ISERROR(VLOOKUP(C10,'Puntaje CT'!$C$9:$I$1048576,4,0)),"",VLOOKUP(C10,'Puntaje CT'!$C$9:$I$1048576,4,0)) -> 20 | P10: =IF(ISERROR(VLOOKUP(C10,'Puntaje CF'!$C$9:$I$1048576,6,0)),"",VLOOKUP(C10,'Puntaje CF'!$C$9:$I$1048576,6,0)) -> 40 | Q10: =IF(IF(ISERROR(VLOOKUP(C10,'Saldo CtosEjecución'!$C$9:$I$1048576,3,0)),"0",VLOOKUP(C10,'Saldo CtosEjecución'!$C$9:$I$1048576,3,0))=0,"0",IF(ISERROR(VLOOKUP(C10,'Saldo CtosEjecución'!$C$9:$I$1048576,3,0)),"0",VLOOKUP(C10,'Saldo CtosEjecución'!$C$9:$I$1048576,3,0))) -> 10506.13 | R10: =IF(OR(K10=""),"0",(K10*((L10+O10+P10)/100))-Q10) -> 8.2312457e+08 | S10: =+IF(OR(R10=0,F10=""),"",IF(R10>=J10,"HABIL","NO HABIL")) -> HABIL

Sheet PO
A1: ANEXO 1 - ADENDO 4 - DG-164-2004
A3: NUMERO DE GRUPO | B3: TOTAL GRUPO DE TRAMOS
A5: Tramo 01 | B5: 1.6097533e+10
A6: Tramo 02 | B6: 18724260670
A7: Tramo 03 | B7: 15886461489
A8: Tramo 04 | B8: 18533406621
A9: Tramo 05 | B9: 14971945628
A10: Tramo 06 | B10: 16484340849
A11: Tramo 07 | B11: 1.668692e+10
A12: Tramo 08 | B12: 11566305868
A13: Tramo 09 | B13: 6300474910
A14: Tramo 10 | B14: 1.4281622e+09
A15: Tramo 11 | B15: 1.292852e+09
A16: Tramo 12 | B16: 14200237260
... A100: Tramo 100 | B100: 1.625508e+09
B101: =SUM(B4:B100) -> 1.2769669e+12
